 Dungeon Crawl Stone Soup version 0.23.1-37-gaa34b87 (webtiles) character file.

Game seed: 14771652163883494946

25 pebbles the Ducker (level 2, 0/23 HPs)
             Began as a Demonspawn Gladiator on Mar 26, 2019.
             Slain by a jackal (1 damage)
             ... on level 2 of the Dungeon.
             The game lasted 00:01:08 (954 turns).

pebbles the Ducker (Demonspawn Gladiator)            Turns: 954, Time: 00:01:08

Health: 0/23       AC:  3    Str: 14    XL:     2   Next: 86%
Magic:  11/11      EV: 13    Int:  9    God:
Gold:   70         SH:  0    Dex: 14    Spells: 1/1 levels left

rFire    . . .     SeeInvis .     - Unarmed
rCold    . . .     Gourm    .   (no shield)
rNeg     . . .     Faith    .   a - +0 leather armour
rPois    .         Spirit   .   (helmet restricted)
rElec    .         Reflect  .   (no cloak)
rCorr    .         Harm     .   (no gloves)
MR       .....                  (no boots)
Stlth    ++........             (no amulet)
HPRegen  0.07/turn              e - ring of stealth
MPRegen  0.12/turn              f - ring of magical power

@: no status effects
A: antennae 1
a: no special abilities


You were on level 2 of the Dungeon.
You were not hungry.

You visited 1 branch of the dungeon, and saw 2 of its levels.

You collected 70 gold pieces.

Inventory:

Missiles
 c - 3 throwing nets (quivered)
Armour
 a - a +0 leather armour (worn)
Jewellery
 e - a ring of stealth (left hand)
 f - a ring of magical power (right hand)
Scrolls
 i - a scroll of magic mapping {unknown}
Comestibles
 d - 2 rations


   Skills:
 + Level 2.5 Fighting
 - Level 1.7 Throwing
 + Level 3.1 Dodging
 + Level 3.1 Unarmed Combat


You had one spell level left.
You didn't know any spells.
Your spell library was empty.

Dungeon Overview and Level Annotations

Branches:
Dungeon (2/15)

Altars:

Annotations:
D:2 Robin


Innate Abilities, Weirdness & Mutations

You have a pair of small antennae on your head.


Message History

You take 5 damage, and have 3/23 hp.
MASSIVE DAMAGE!!
You hit the jackal.
The jackal bites you but does no damage.
The goblin hits you.
* * * LOW HITPOINT WARNING * * *
You take 2 damage, and have 1/23 hp.
Unknown command.
You punch the jackal!
You kill the jackal!
The goblin completely misses you.
Unknown command.
You hit the goblin.
You kill the goblin!
The jackal barely misses you. Robin throws the goblin at you!
The goblin hits you but does no damage.
The jackal bites you but does no damage.
Unknown command.
You hit the goblin. The jackal bites you.
You die...

#####...#.#.##..#####
#...#.#.#.......#
#####.#.#.#.###.#
#.#.#...†.#.#
#.#.####.##.#
#.#....†....#
#.######..###
#g#.....<..#
#@#.######.# #h# ..#
#g#{ .... #ggg.#
#.#.. #gg.g# .#...
#.l..# #. ...#..
#######. ..


You could see a leopard gecko, a jackal, 3 hobgoblins and 4 goblins.

Vanquished Creatures
  A dart slug (D:1)
  A leopard gecko (D:1)
  A giant cockroach (D:1)
  5 goblins (D:2)
  3 hobgoblins
  A jackal (D:2)
  3 kobolds
  2 bats (D:1)
  4 rats
21 creatures vanquished.

Notes
Turn   | Place    | Note
-------+----------+-------------------------------------------
     0 | D:1      | pebbles the Demonspawn Gladiator began the quest for the
                  | Orb.
     0 | D:1      | Reached XP level 1. HP: 16/16 MP: 1/1
     2 | D:1      | Noticed a centaur
     2 | D:1      | Noticed a troll
     4 | D:1      | Noticed an elf
     6 | D:1      | Noticed a formicid
     6 | D:1      | Noticed an ogre
     8 | D:1      | Noticed a draconian
    10 | D:1      | Noticed a demigod
    12 | D:1      | Noticed a naga
    12 | D:1      | Noticed a gargoyle
    14 | D:1      | Noticed a vampire
    16 | D:1      | Noticed a dwarf
    16 | D:1      | Noticed a spriggan
    18 | D:1      | Noticed a felid
    18 | D:1      | Noticed a ghoul
    20 | D:1      | Noticed a minotaur
    20 | D:1      | Noticed a human
    22 | D:1      | Noticed a demonspawn
    22 | D:1      | Noticed a merfolk
    24 | D:1      | Noticed an octopode
    24 | D:1      | Noticed a tengu
    26 | D:1      | Noticed a vine stalker
    26 | D:1      | Noticed a halfling
   406 | D:1      | Gained mutation: You have a pair of small antennae on your
                  | head. [demonic ancestry]
   406 | D:1      | Reached XP level 2. HP: 15/22 MP: 1/2
   921 | D:2      | Noticed Robin
   951 | D:2      | HP: 1/23 [goblin[Robin] (2)]
   954 | D:2      | Slain by a jackal

Skill      XL: |  1  2 |
---------------+-------+-----
Dodging        | 3 |  3.1
Unarmed Combat | 3 |  3.1
Fighting       | |  2.5
Throwing       | |  1.7

Action                   || total
-------------------------++-------
Melee: Unarmed           ||    88
  Use: Potion            ||     2
       Scroll            ||     1
 Stab: Sleeping          ||     2
Armor: Leather armour    ||    38
Dodge: Dodged            ||    76
